[ AOE2 MATCH · #504966724 ]
UnrankedAztecs vs Muisca
Player's team · WIN
Rival team · LOSS
[ REPLAY ANALYSIS · EXTRACTED FROM THE RECORDED GAME ]
Feudal
14:19
Castle
22:40
Imperial
—
| APM avg | 66.3 |
| APM peak | 108 |
| eAPM avg | 41.2 |
| Villagers / military | 98 / 47 |
Focus
⚔️ 53.3% · 🌾 46.7%
Militia ×27 · Jaguar Warrior ×15 · Monk ×5
Feudal
10:07
Castle
25:06
Imperial
—
| APM avg | 55.4 |
| APM peak | 76 |
| eAPM avg | 30.5 |
| Villagers / military | 71 / 2 |
Focus
⚔️ 42.3% · 🌾 57.7%
Unknown (2550) ×60 · Scorpion ×2
Match map
Initial resources + every placement click. Lines = walls · curves = elevation contours. ◆ gold · ⬟ stone · ● berries · ✦ relic · ◌ wall gap
Your base· ✓ Closed at 22:40 · 64t walls · 1 gate(s)
Guecha Warrior is the Best's base· Open — opponent sealed themselves in
Smoothed initial terrain · ◌ = detected wall gap · hover for details
Inputs per minute
— Lespaul - - Guecha Warrior is the Best
Build order — Lespaul
First 150 of 264 actions detected
| 0:00 | Queue | Villager (Male) |
| 0:01 | Build | House |
| 0:02 | Build | House |
| 0:09 | Queue | Villager (Male) |
| 0:09 | Queue | Villager (Male) |
| 0:09 | Queue | Villager (Male) |
| 0:10 | Queue | Villager (Male) |
| 1:10 | Queue | Villager (Male) |
| 1:10 | Queue | Villager (Male) |
| 1:30 | Build | Lumber Camp |
| 2:01 | Queue | Villager (Male) |
| 2:01 | Queue | Villager (Male) |
| 2:21 | Queue | Villager (Male) |
| 2:38 | Queue | Villager (Male) |
| 3:18 | Queue | Villager (Male) |
| 3:18 | Queue | Villager (Male) |
| 3:18 | Queue | Villager (Male) |
| 3:33 | Build | House |
| 3:36 | Queue | Villager (Male) |
| 3:36 | Queue | Villager (Male) |
| 3:57 | Queue | Villager (Male) |
| 3:57 | Queue | Villager (Male) |
| 4:11 | Queue | Villager (Male) |
| 4:31 | Build | Barracks |
| 4:45 | Build | House |
| 4:49 | Build | House |
| 4:50 | Build | Palisade Wall |
| 4:52 | Build | Palisade Wall |
| 4:55 | Build | Palisade Wall |
| 4:59 | Queue | Villager (Male) |
| 5:00 | Queue | Villager (Male) |
| 5:07 | Build | Barracks |
| 5:13 | Queue | Villager (Male) |
| 5:13 | Queue | Villager (Male) |
| 5:50 | Queue | Villager (Male) |
| 5:58 | Queue | Militia |
| 5:58 | Queue | Militia |
| 5:58 | Queue | Militia |
| 6:17 | Queue | Villager (Male) |
| 6:21 | Build | House |
| 6:38 | Queue | Villager (Male) |
| 6:38 | Queue | Villager (Male) |
| 6:38 | Queue | Villager (Male) |
| 6:49 | Queue | Militia |
| 7:15 | Queue | Militia |
| 7:36 | Queue | Villager (Male) |
| 7:40 | Build | Mill |
| 8:49 | Queue | Villager (Male) |
| 8:49 | Queue | Villager (Male) |
| 8:51 | Research | Loom |
| 8:52 | Queue | Villager (Male) |
| 9:05 | Queue | Villager (Male) |
| 9:17 | Queue | Villager (Male) |
| 9:25 | Build | Farm |
| 9:27 | Build | Farm |
| 9:39 | Queue | Villager (Male) |
| 9:42 | Build | Mining Camp |
| 9:56 | Queue | Villager (Male) |
| 9:57 | Build | Farm |
| 10:02 | Queue | Villager (Male) |
| 10:20 | Build | Palisade Wall |
| 10:29 | Queue | Villager (Male) |
| 10:34 | Build | Palisade Wall |
| 10:35 | Build | Palisade Wall |
| 10:40 | Build | Palisade Wall |
| 10:41 | Build | Palisade Wall |
| 10:45 | Build | Palisade Wall |
| 10:49 | Build | House |
| 10:50 | Build | Palisade Wall |
| 10:51 | Build | Palisade Wall |
| 10:56 | Queue | Villager (Male) |
| 11:01 | Build | Palisade Wall |
| 11:03 | Build | House |
| 11:07 | Build | House |
| 11:08 | Build | Palisade Wall |
| 11:09 | Queue | Villager (Male) |
| 11:18 | Queue | Villager (Male) |
| 11:24 | Build | Palisade Wall |
| 11:40 | Build | Palisade Wall |
| 11:41 | Build | Palisade Wall |
| 11:49 | Queue | Militia |
| 11:49 | Queue | Militia |
| 11:50 | Research | Feudal Age |
| 11:50 | Research | Feudal Age |
| 12:03 | Build | House |
| 12:15 | Build | Palisade Wall |
| 12:18 | Build | Palisade Wall |
| 12:19 | Build | Palisade Wall |
| 12:20 | Build | Palisade Wall |
| 13:02 | Build | Farm |
| 13:05 | Build | Palisade Gate |
| 13:15 | Build | Palisade Wall |
| 13:20 | Queue | Militia |
| 13:20 | Queue | Militia |
| 13:28 | Queue | Villager (Male) |
| 13:35 | Build | Farm |
| 13:37 | Build | Farm |
| 13:41 | Build | Palisade Wall |
| 13:42 | Build | Palisade Wall |
| 13:45 | Queue | Villager (Male) |
| 13:54 | Queue | Villager (Male) |
| 13:58 | Build | Farm |
| 14:10 | Queue | Villager (Male) |
| 14:19 | Age | Feudal Age |
| 14:26 | Build | Mining Camp |
| 14:30 | Build | Farm |
| 14:35 | Build | Farm |
| 14:52 | Queue | Villager (Male) |
| 14:54 | Build | Barracks |
| 14:54 | Queue | Villager (Male) |
| 15:01 | Research | Man-at-Arms (upgrade) |
| 15:26 | Queue | Militia |
| 15:26 | Queue | Militia |
| 15:36 | Build | Farm |
| 15:48 | Build | House |
| 16:08 | Build | Palisade Wall |
| 16:18 | Queue | Villager (Male) |
| 16:22 | Queue | Villager (Male) |
| 16:42 | Queue | Villager (Male) |
| 16:42 | Queue | Villager (Male) |
| 16:43 | Build | Farm |
| 16:58 | Build | Farm |
| 17:00 | Queue | Villager (Male) |
| 17:13 | Queue | Militia |
| 17:23 | Build | Market |
| 18:00 | Build | Farm |
| 18:29 | Queue | Villager (Male) |
| 18:40 | Build | House |
| 18:50 | Build | House |
| 18:55 | Queue | Villager (Male) |
| 18:56 | Queue | Villager (Male) |
| 18:56 | Queue | Villager (Male) |
| 19:19 | Build | Blacksmith |
| 20:00 | Research | Castle Age |
| 20:00 | Research | Castle Age |
| 20:12 | Queue | Militia |
| 20:13 | Queue | Militia |
| 20:13 | Queue | Militia |
| 20:26 | Research | Scale Mail Armor |
| 20:26 | Research | Scale Mail Armor |
| 20:34 | Build | House |
| 20:39 | Research | Double-Bit Axe |
| 20:39 | Research | Double-Bit Axe |
| 20:50 | Queue | Militia |
| 20:53 | Build | Farm |
| 21:13 | Queue | Villager (Male) |
| 21:15 | Build | Farm |
| 21:15 | Build | Farm |
| 21:19 | Research | Horse Collar |
| 21:23 | Queue | Villager (Male) |
Build order — Guecha Warrior is the Best
First 150 of 205 actions detected
| 0:01 | Queue | Villager (Male) |
| 0:01 | Queue | Villager (Male) |
| 0:02 | Build | House |
| 0:04 | Build | House |
| 0:08 | Queue | Villager (Male) |
| 0:09 | Queue | Villager (Male) |
| 0:09 | Queue | Villager (Male) |
| 1:23 | Queue | Villager (Male) |
| 1:48 | Build | Settlement |
| 1:56 | Queue | Villager (Male) |
| 1:56 | Queue | Villager (Male) |
| 2:21 | Queue | Villager (Male) |
| 2:49 | Queue | Villager (Male) |
| 3:02 | Queue | Villager (Male) |
| 3:47 | Queue | Villager (Male) |
| 3:57 | Queue | Villager (Male) |
| 4:15 | Queue | Villager (Male) |
| 4:51 | Queue | Villager (Male) |
| 5:01 | Build | Settlement |
| 5:01 | Queue | Villager (Male) |
| 5:09 | Queue | Villager (Male) |
| 5:32 | Queue | Villager (Male) |
| 5:32 | Queue | Villager (Male) |
| 5:40 | Build | Barracks |
| 5:46 | Queue | Villager (Male) |
| 6:09 | Queue | Villager (Male) |
| 7:11 | Research | Loom |
| 7:47 | Research | Feudal Age |
| 7:51 | Build | Palisade Wall |
| 7:53 | Build | Palisade Wall |
| 8:02 | Build | Barracks |
| 8:29 | Queue | Villager (Male) |
| 8:40 | Build | Palisade Wall |
| 8:49 | Queue | Unit 2550 |
| 8:50 | Queue | Unit 2550 |
| 8:50 | Queue | Unit 2550 |
| 9:00 | Build | Palisade Wall |
| 9:15 | Queue | Villager (Male) |
| 10:07 | Age | Feudal Age |
| 10:11 | Research | Tech 1402 |
| 10:12 | Research | Tech 1402 |
| 10:18 | Queue | Unit 2550 |
| 10:23 | Build | Farm |
| 10:33 | Queue | Villager (Male) |
| 10:44 | Queue | Unit 2550 |
| 10:44 | Queue | Unit 2550 |
| 10:50 | Queue | Villager (Male) |
| 10:50 | Queue | Villager (Male) |
| 11:10 | Queue | Villager (Male) |
| 11:30 | Build | Farm |
| 11:38 | Queue | Villager (Male) |
| 11:53 | Queue | Villager (Male) |
| 11:58 | Build | Farm |
| 12:15 | Build | House |
| 12:39 | Queue | Villager (Male) |
| 12:50 | Queue | Unit 2550 |
| 12:50 | Queue | Unit 2550 |
| 12:52 | Queue | Villager (Male) |
| 12:59 | Queue | Villager (Male) |
| 13:20 | Queue | Villager (Male) |
| 13:34 | Queue | Villager (Male) |
| 13:35 | Build | Blacksmith |
| 14:00 | Queue | Villager (Male) |
| 14:06 | Research | Scale Mail Armor |
| 14:06 | Research | Scale Mail Armor |
| 14:19 | Build | Farm |
| 14:20 | Build | Farm |
| 14:22 | Build | Farm |
| 14:28 | Queue | Villager (Male) |
| 14:40 | Build | Farm |
| 14:51 | Research | Forging |
| 14:51 | Research | Forging |
| 15:02 | Build | Farm |
| 15:03 | Queue | Villager (Male) |
| 15:10 | Build | House |
| 15:24 | Build | House |
| 15:46 | Queue | Villager (Male) |
| 16:07 | Queue | Unit 2550 |
| 16:07 | Queue | Unit 2550 |
| 16:09 | Queue | Villager (Male) |
| 16:17 | Queue | Villager (Male) |
| 16:19 | Build | Farm |
| 16:20 | Build | Farm |
| 16:40 | Queue | Villager (Male) |
| 16:41 | Queue | Unit 2550 |
| 16:41 | Queue | Unit 2550 |
| 16:42 | Queue | Unit 2550 |
| 16:43 | Queue | Unit 2550 |
| 16:48 | Build | Farm |
| 16:48 | Build | Farm |
| 16:53 | Queue | Unit 2550 |
| 17:02 | Queue | Villager (Male) |
| 17:03 | Queue | Villager (Male) |
| 17:06 | Build | House |
| 17:07 | Queue | Villager (Male) |
| 17:17 | Queue | Villager (Male) |
| 17:25 | Queue | Unit 2550 |
| 17:25 | Queue | Unit 2550 |
| 17:30 | Build | House |
| 17:31 | Build | Farm |
| 17:32 | Build | Farm |
| 17:48 | Queue | Villager (Male) |
| 17:48 | Queue | Villager (Male) |
| 18:04 | Queue | Villager (Male) |
| 18:06 | Queue | Villager (Male) |
| 18:07 | Queue | Unit 2550 |
| 18:07 | Queue | Unit 2550 |
| 18:11 | Build | Farm |
| 18:11 | Build | Farm |
| 18:18 | Research | Double-Bit Axe |
| 18:30 | Queue | Villager (Male) |
| 18:33 | Build | Farm |
| 18:41 | Queue | Unit 2550 |
| 18:48 | Queue | Unit 2550 |
| 18:59 | Build | Farm |
| 19:01 | Build | Farm |
| 19:01 | Queue | Villager (Male) |
| 19:12 | Queue | Villager (Male) |
| 19:24 | Queue | Villager (Male) |
| 19:28 | Queue | Unit 2550 |
| 19:37 | Build | Farm |
| 20:03 | Queue | Villager (Male) |
| 20:05 | Research | Wheelbarrow |
| 20:06 | Build | House |
| 20:07 | Build | House |
| 20:15 | Queue | Unit 2550 |
| 20:16 | Queue | Unit 2550 |
| 20:19 | Build | House |
| 20:58 | Build | Market |
| 21:01 | Queue | Villager (Male) |
| 21:39 | Queue | Villager (Male) |
| 21:45 | Build | Barracks |
| 22:26 | Research | Castle Age |
| 22:59 | Queue | Villager (Male) |
| 23:02 | Queue | Unit 2550 |
| 23:02 | Queue | Unit 2550 |
| 23:07 | Queue | Unit 2550 |
| 23:08 | Queue | Unit 2550 |
| 23:08 | Queue | Unit 2550 |
| 23:08 | Queue | Unit 2550 |
| 23:09 | Queue | Villager (Male) |
| 23:16 | Research | Horse Collar |
| 23:16 | Research | Horse Collar |
| 23:33 | Queue | Unit 2550 |
| 23:33 | Queue | Unit 2550 |
| 23:42 | Queue | Unit 2550 |
| 23:43 | Queue | Unit 2550 |
| 23:48 | Queue | Unit 2550 |
| 23:49 | Queue | Villager (Male) |
| 23:51 | Build | Farm |
Match timeline
| 4:31 | Lespaul · first_building Barracks |
| 4:50 | Lespaul · wall_segment Palisade Wall x1 |
| 4:52 | Lespaul · wall_segment Palisade Wall x1 |
| 4:55 | Lespaul · wall_segment Palisade Wall x1 |
| 5:40 | Guecha Warrior is the Best · first_building Barracks |
| 7:51 | Guecha Warrior is the Best · wall_segment Palisade Wall x1 |
| 7:53 | Guecha Warrior is the Best · wall_segment Palisade Wall x1 |
| 8:40 | Guecha Warrior is the Best · wall_segment Palisade Wall x1 |
| 9:00 | Guecha Warrior is the Best · wall_segment Palisade Wall x1 |
| 10:07 | Guecha Warrior is the Best · age_up feudal |
| 10:20 | Lespaul · wall_segment Palisade Wall x8 |
| 10:34 | Lespaul · wall_segment Palisade Wall x1 |
| 10:35 | Lespaul · wall_segment Palisade Wall x1 |
| 10:40 | Lespaul · wall_segment Palisade Wall x7 |
| 10:41 | Lespaul · wall_segment Palisade Wall x1 |
| 10:45 | Lespaul · wall_segment Palisade Wall x13 |
| 10:50 | Lespaul · wall_segment Palisade Wall x1 |
| 10:51 | Lespaul · wall_segment Palisade Wall x3 |
| 11:01 | Lespaul · wall_segment Palisade Wall x4 |
| 11:08 | Lespaul · wall_segment Palisade Wall x1 |
| 11:24 | Lespaul · wall_segment Palisade Wall x12 |
| 11:40 | Lespaul · wall_segment Palisade Wall x1 |
| 11:41 | Lespaul · wall_segment Palisade Wall x1 |
| 12:15 | Lespaul · wall_segment Palisade Wall x1 |
| 12:18 | Lespaul · wall_segment Palisade Wall x1 |
| 12:19 | Lespaul · wall_segment Palisade Wall x1 |
| 12:20 | Lespaul · wall_segment Palisade Wall x1 |
| 13:15 | Lespaul · wall_segment Palisade Wall x1 |
| 13:41 | Lespaul · wall_segment Palisade Wall x1 |
| 13:42 | Lespaul · wall_segment Palisade Wall x1 |
| 14:19 | Lespaul · age_up feudal |
| 16:08 | Lespaul · wall_segment Palisade Wall x1 |
| 18:19 | Lespaul · first_market_sell 100 stone |
| 18:20 | Lespaul · first_market_buy 100 food |
| 22:09 | Guecha Warrior is the Best · first_market_sell 100 wood |
| 22:23 | Guecha Warrior is the Best · first_market_buy 100 food |
| 22:40 | Lespaul · age_up castle |
| 24:47 | Lespaul · first_building Monastery |
| 25:06 | Guecha Warrior is the Best · age_up castle |
| 25:12 | Lespaul · first_building Castle |
| 27:05 | Guecha Warrior is the Best · first_building Siege Workshop |
| 29:14 | Guecha Warrior is the Best · first_building Monastery |
| 29:33 | Guecha Warrior is the Best · resign |
[ AI ANALYSIS · 1 CREDIT ]
What really happened in this match?
Wolo.gg analyzes every decision: build order, eco, micro, common mistakes by bracket. Personalized analysis on WhatsApp or Discord in 30 seconds.
Civ guide
Aztecs
Perfil
Jugador #323632